 Dungeon Crawl Stone Soup version 0.30-a0-272-gf98c3da03f (webtiles) character file.

Game seed: 12654515723702769231

101 bande the Covered (level 4, -6/29 HPs)
             Began as a Gargoyle Fighter on Oct 16, 2022.
             Mangled by Sigmund
             ... wielding a +0 scythe
              (8 damage)
             ... on level 3 of the Dungeon.
             The game lasted 00:02:05 (1548 turns).

bande the Covered (Gargoyle Fighter)                Turns: 1548, Time: 00:02:05

Health: -6/29      AC: 15    Str: 20    XL:     4   Next: 75%
Magic:  4/4        EV:  5    Int:  8    God:
Gold:   165        SH:  4    Dex: 11    Spells: 3/3 levels left

rFire   . . .      SeeInvis .    a - +0 war axe
rCold   . . .      Faith    .    c - +0 buckler
rNeg    + . .      Spirit   .    g - +0 plate armour
rPois   ∞          Reflect  .    (no helmet)
rElec   +          Harm     .    (no cloak)
rCorr   .          Rampage  .    (no gloves)
Will    .....                    (no boots)
Stlth   ..........               (no amulet)
HPRegen 0.24/turn                (no ring)
MPRegen 0.09/turn                (no ring)

@: mighty
A: sickness immunity, AC +3, negative energy resistance 1, electricity
resistance, torment resistance 1, petrification resistance
a: no special abilities


You were on level 3 of the Dungeon.
You visited 1 branch of the dungeon, and saw 3 of its levels.

You collected 165 gold pieces.

Inventory:

Hand Weapons
 a - a +0 war axe (weapon)
 b - a +0 flail
 m - a +0 war axe
Armour
 c - a +0 buckler (worn)
 g - a +0 plate armour (worn)
Scrolls
 e - a scroll of immolation {unknown}
 f - a scroll of brand weapon {unknown}
 h - a scroll of enchant armour {unknown}
 i - a scroll of vulnerability {unknown}
 j - a scroll of magic mapping {unknown}
 k - 2 scrolls of identify {unknown}
 l - a scroll of amnesia {unknown}
 n - a scroll of torment {unknown}
 o - a scroll of enchant weapon {unknown}
 q - a scroll of acquirement {unknown}
Potions
 p - a potion of ambrosia {unknown}


   Skills:
 + Level 3.8 Fighting
 + Level 3.2 Axes
 + Level 4.0 Armour
 + Level 3.6 Shields


You had 3 spell levels left.
You didn't know any spells.
Your spell library contained the following spells:

 Spells                   Type           Power      Damage    Failure   Level
 Magic Dart               Conj           0%         1d3       100%        1
 Searing Ray              Conj           0%         2d4       100%        2
 Stone Arrow              Conj/Erth      0%         3d7       100%        3
 Vhi's Electric Charge    Tloc/Air       0%         N/A       100%        3
 Animate Armour           Summ/Erth      0%         N/A       100%        4
 Fulminant Prism          Conj/Hex       0%         3d6       100%        4
 Arcjolt                  Conj/Air       0%         1d10      100%        5
 Lehudib's Crystal Spear  Conj/Erth      0%         10d2      100%        8
 Maxwell's Capacitive Co  Air            0%         ∞         100%        8


Dungeon Overview and Level Annotations

Branches:
Dungeon (3/15)

Altars:

Annotations:
D:3 Sigmund


Innate Abilities, Weirdness & Mutations

You are immune to sickness and miasma.
Your stone body is resilient. (AC +3)
You are immune to poison.
You resist negative energy. (rN+)
You are resistant to electric shocks. (rElec)
You are resistant to unholy torment.
You are immune to petrification.


Message History

Sigmund is nearby!
Found a pair of boots.
You see here a +0 dagger of venom.
You feel very mighty all of a sudden. Sigmund casts a spell at you.
The magic dart hits you.
Sigmund points at you and mumbles some strange words.
You are confused.
Found a stone staircase leading down.
Sigmund gestures wildly while chanting.
Sigmund flickers and vanishes!
Deactivating autopickup; reactivate with Ctrl-A.
You hear a zap.
A bolt of light appears from out of thin air!
The bolt of light misses you. Something hits you. Something hits you.
You feel less confused. Something hits you but does no damage.
You miss something. Something hits you but does no damage.
You closely miss something. Something hits you but does no damage.
You closely miss something. Something hits you.
You closely miss something.
You hear a zap.
A bolt of light appears from out of thin air!
The bolt of light hits you!
You closely miss something. Something hits you.
* * * LOW HITPOINT WARNING * * *
You barely miss something.
You hear a zap.
A bolt of light appears from out of thin air!
The bolt of light hits you.
You are confused.
* * * LOW HITPOINT WARNING * * *
You barely miss something. Something hits you but does no damage.
Something hits you.
* * * LOW HITPOINT WARNING * * *
You feel less confused.
You closely miss something. Something hits you!
You die...

##.##.#.#####
.......#..>..>
#.##........#
............# #
#........!#####
..#.........#...###
...................
.#.......)......#
#....{@.....#.##
..[...##.###.#.# ......
#.......#
.......$.###...#########
# ....######
#.....[...... #. #...
........#...####### #.#
##. ..#######.#.#
#.###.# #.# ###.#.#
#.#..# #.#####...#.#


There were no monsters in sight!

Vanquished Creatures
  Terence (D:3)
  3 adders
  A worm (D:2)
  An orc (D:3)
  6 endoplasms
  4 hobgoblins
  2 jackals (D:2)
  3 quokkas
  2 ball pythons
  4 bats
  4 frilled lizards
  4 goblins
  5 kobolds
  5 rats
45 creatures vanquished.

Notes
Turn   | Place    | Note
-------+----------+-------------------------------------------
     0 | D:1      | bande the Gargoyle Fighter began the quest for the Orb.
     0 | D:1      | Reached XP level 1. HP: 14/14 MP: 1/1
   229 | D:1      | Reached XP level 2. HP: 19/19 MP: 2/2
   901 | D:2      | Reached XP level 3. HP: 20/23 MP: 3/3
  1023 | D:2      | Identified the +0 chain mail "Mauhefim" {rCorr Int+3}
  1361 | D:3      | Reached XP level 4. HP: 29/29 MP: 4/4
  1397 | D:3      | Noticed Terence
  1409 | D:3      | Killed Terence
  1410 | D:3      | Reached skill level 4 in Armour
  1528 | D:3      | Noticed Sigmund
  1546 | D:3      | HP: 1/29 [something (5)]
  1548 | D:3      | Mangled by Sigmund

Illustrated notes

Levels and vault maps discovered:
D:1:      erik_arrival_orb_chamber, layout_basic, minmay_tromino_v4_c
D:2:      layout_basic
D:3:      layout_loops_ring, uniq_grinder, uniq_terence, uniq_sigmund

Skill      XL: |  1  2  3  4 |
---------------+-------------+-----
Axes           | 2 3 |  3.2
Armour         | 4 |  4.0
Fighting       | |  3.8
Shields        | |  3.6

Action                   |  1- 3 |  4- 6 || total
-------------------------+-------+-------++-------
Melee: War axe           |    82 |    46 ||   128
  Use: Potion            |       |     1 ||     1
Armor: Scale mail        |     5 |       ||     5
       Plate armour      |    69 |    36 ||   105
Dodge: Dodged            |    25 |    16 ||    41
Block: Buckler           |    15 |     8 ||    23

Table legend: (Time is in decaauts)
 A = Elapsed time spent in this place.
 B = Non-inter-level travel time spent in this place.
 C = Inter-level travel time spent in this place.
 D = Time resting spent in this place.
 E = Time spent auto-exploring this place.
 F = Levels seen in this place.
 G = Mean time per level.
                   A        B        C        D        E       F      G
               +--------+--------+--------+--------+--------+-----+--------+
         Total |   1600 |   1600 |      0 |      0 |   1153 |   3 |  533.3 |
       Dungeon |   1600 |   1600 |      0 |      0 |   1153 |   3 |  533.3 |
               +--------+--------+--------+--------+--------+-----+--------+

Top non-repeatable levels by time:
     D:1: 864 daAuts
     D:2: 486 daAuts
     D:3: 249 daAuts
